 Dungeon Crawl Stone Soup version 0.31-a0-246-g8cbcc1cb85 (webtiles) character file.

Game seed: 5331236726235003981

170 qw the Shooter (level 5, -4/31 HPs)
             Began as a Gargoyle Hexslinger on July 12, 2023.
             Slain by an orc warrior
             ... wielding a +0 flail
              (5 damage)
             ... on level 4 of the Dungeon.
             The game lasted 00:01:10 (2656 turns).

qw the Shooter (Gargoyle Hexslinger)                Turns: 2656, Time: 00:01:11

Health: -4/31      AC: 13    Str: 12      XL:     5   Next: 51%
Magic:  6/6        EV: 11    Int: 12 (13) God:
Gold:   142        SH:  0    Dex: 13 (14) Spells: 5/6 levels left

rFire   + . .        Y - +1 sling
rCold   + . .        (no shield)
rNeg    + . .        e - +2 leather armour {rF+}
rPois   inf          (no helmet)
rElec   +            (no cloak)
rCorr   .            (no gloves)
SInv    +            (no boots)
Will    +....        (no amulet)
Stlth   +            d - ring of see invisible
HPRegen 0.25/turn    f - +4 ring of protection
MPRegen 0.10/turn

%: no passive effects
@: about to teleport
A: sickness immunity, AC +4, negative energy resistance 1, electricity
resistance, torment resistance 1, petrification resistance, cold resistance 1,
deterioration 1, strong-willed 1
a: no special abilities


You were on level 4 of the Dungeon.
You visited 1 branch of the dungeon, and saw 4 of its levels.

You collected 142 gold pieces.


Innate Abilities, Weirdness & Mutations

You are immune to sickness and miasma.
Your stone body is resilient. (AC +4)
You are immune to poison.
You resist negative energy. (rN+)
You are resistant to electric shocks. (rElec)
You are resistant to unholy torment.
You are immune to petrification.
Your flesh is cold resistant. (rC+)
Your body sometimes deteriorates upon taking damage.
You are strong-willed. (Will+)


   Skills:
 + Level 2.7 Fighting
 - Level 5.0 Ranged Weapons
 - Level 1.5 Dodging
 - Level 1.0 Spellcasting
 - Level 2.6 Hexes


You had 5 spell levels left.
You knew the following spells:

 Your Spells              Type           Power      Damage    Failure   Level
a - Slow                  Hex            28%        N/A       13%         1

Your spell library contained the following spells:

 Spells                   Type           Power      Damage    Failure   Level
 Inner Flame              Hex/Fire       3%         N/A       54%         3
 Portal Projectile        Hex/Tloc       6%         N/A       54%         3
 Cause Fear               Hex            3%         N/A       77%         4

Inventory:

Hand Weapons
 Y - a +1 sling (weapon)
Armour
 e - a +2 leather armour of fire resistance (worn)
Jewellery
 a - a ring of protection from cold
 d - a ring of see invisible (left hand)
 f - a +4 ring of protection (right hand)
 n - a ring of willpower
Wands
 b - a wand of digging (6)
Scrolls
 c - a scroll of enchant weapon {unknown}
 h - a scroll of identify
 j - a scroll of teleportation
Potions
 g - 2 potions of mutation
 m - a potion of degeneration {unknown}

Dungeon Overview and Level Annotations

Branches:
Dungeon (4/15)
 Temple: D:4-7

Altars:
Elyvilon
Uskayaw
Xom

Annotations:
D:4 3 runed translucent doors


Message History

You shoot a sling bullet.
The sling bullet closely misses the orc priest.
The orc priest barely misses you.
You shoot a sling bullet.
The sling bullet hits the orc warrior but does no damage.
The orc warrior hits you but does no damage.
You shoot a sling bullet.
The sling bullet hits the orc warrior but does no damage.
The orc priest invokes the aid of Beogh against you.
Beogh smites you!
The orc warrior hits you but does no damage.
You shoot a sling bullet.
The sling bullet barely misses the orc warrior.
The orc warrior closely misses you.
You shoot a sling bullet.
The sling bullet barely misses the orc warrior.
The orc warrior closely misses you.
You shoot a sling bullet.
The sling bullet hits the orc warrior but does no damage.
The orc warrior hits you with a +0 flail!
The orc warrior closely misses you.
You shoot a sling bullet.
The sling bullet hits the orc warrior but does no damage.
The orc priest casts a cantrip, but nothing happens.
The orc warrior hits you with a +0 flail.
You shoot a sling bullet.
The sling bullet hits the orc warrior but does no damage.
The orc warrior closely misses you.
You shoot a sling bullet.
The sling bullet barely misses the orc warrior.
The orc warrior hits you with a +0 flail!
2655 ||| READING 2 scrolls of teleportation.
As you read the scroll of teleportation, it crumbles to dust.
You feel strangely unstable.
The orc priest looks encouraged for a moment.
The orc warrior closely misses you.
You shoot a sling bullet. The sling bullet hits the orc warrior.
The orc warrior is lightly wounded.
The orc warrior hits you with a +0 flail.
You die...

......#
.....+ .....
....
#####..#
#oo##..#
#.##@#..# .o
##..#######
#.8
##......|#
#. #..####.#
# #..# #.##
#%#
######)####
...........#


You could see an orc warrior and an orc priest.

Vanquished Creatures
  A hound (D:4)
  2 gnolls (D:4)
  4 adders
  3 dart slugs
  2 orcs (D:4)
  8 bats
  4 endoplasms
  3 giant cockroaches
  3 goblins
  5 hobgoblins
  11 jackals
  3 quokkas (D:1)
  4 ball pythons
  3 frilled lizards
  12 kobolds
  5 rats
73 creatures vanquished.

Vanquished Creatures (others)
  A butterfly (D:3)
1 creature vanquished.

Grand Total: 74 creatures vanquished

Notes
Turn   | Place    | Note
-------+----------+-------------------------------------------
     0 | D:1      | qw the Gargoyle Hexslinger began the quest for the Orb.
     0 | D:1      | Reached XP level 1. HP: 12/12 MP: 2/2
     0 | D:1      | 0 ||| qw: Version: 0.3-a-52-g30416fa
     0 | D:1      | 0 ||| qw: Game counter: 6212
     0 | D:1      | 0 ||| qw: Melee chars always use a shield: true
     0 | D:1      | 0 ||| qw: God list: Okawaru
     0 | D:1      | 0 ||| qw: Allow faded altars: false
     0 | D:1      | 0 ||| qw: Do Orc after clearing Dungeon:15 true
     0 | D:1      | 0 ||| qw: Do second Lair branch before Depths: true
     0 | D:1      | 0 ||| qw: Lair rune preference: random
     0 | D:1      | 0 ||| qw: Goals: Normal
     0 | D:1      | 0 ||| PLANNING D:1-11
   181 | D:1      | Reached XP level 2. HP: 16/16 MP: 3/3
   253 | D:1      | Reached skill level 3 in Ranged Weapons
   399 | D:1      | Reached XP level 3. HP: 21/21 MP: 4/4
   498 | D:1      | 498 ||| Stepping ~*~*~tactically~*~*~ (outnumbered).
  1029 | D:1      | 1029 ||| UPGRADING to +2 leather armour of fire resistance.
  1039 | D:1      | 1039 ||| DROPPING +0 robe.
  1040 | D:1      | 1040 ||| UPGRADING to ring of see invisible.
  1041 | D:1      | 1041 ||| UPGRADING to +4 ring of protection.
  1042 | D:1      | 1042 ||| READING scroll labelled WUBLEACL XUOV.
  1045 | D:1      | 1045 ||| READING scroll labelled KIQOL SUSCHY.
  1046 | D:1      | 1046 ||| DROPPING scroll of poison.
  1064 | D:2      | 1064 ||| STAIRDANCE
  1195 | D:2      | Reached XP level 4. HP: 20/26 MP: 5/5
  1259 | D:2      | Reached skill level 4 in Ranged Weapons
  1534 | D:2      | Found a faded altar of an unknown god.
  1537 | D:2      | 1537 ||| FLEEEEING.
  1538 | D:2      | 1538 ||| FLEEEEING.
  1618 | D:2      | 1618 ||| READING scroll labelled GEDAASTEFOR.
  1729 | D:3      | Identified the +7 long sword of Infinity {freeze, Int+6}
  1768 | D:3      | Found a white marble altar of Elyvilon.
  2099 | D:3      | Found a hide-covered altar of Uskayaw.
  2099 | D:3      | Found a shimmering altar of Xom.
  2320 | D:3      | 2320 ||| DROPPING scarf of harm.
  2321 | D:3      | 2321 ||| READING scroll labelled DISHEMUWKI.
  2322 | D:3      | 2322 ||| DRINKING 2 fuming puce potions.
  2322 | D:3      | Gained mutation: Your body sometimes deteriorates upon
                  | taking damage. [potion of mutation]
  2322 | D:3      | Gained mutation: Your flesh is cold resistant. (rC+)
                  | [potion of mutation]
  2322 | D:3      | Gained mutation: You are strong-willed. (Will+) [potion of
                  | mutation]
  2323 | D:3      | 2323 ||| READING 3 scrolls of identify.
  2323 | D:3      | 2323 ||| IDENTIFYING sedimented brown potion
  2324 | D:3      | 2324 ||| READING 2 scrolls of identify.
  2324 | D:3      | 2324 ||| IDENTIFYING fizzy ruby potion
  2325 | D:3      | 2325 ||| DROPPING potion of lignification.
  2386 | D:4      | Reached skill level 5 in Ranged Weapons
  2386 | D:4      | Reached XP level 5. HP: 23/30 MP: 6/6
  2411 | D:4      | Found a runed translucent gate.
  2411 | D:4      | Found a runed translucent gate.
  2412 | D:4      | Found a runed translucent gate.
  2555 | D:4      | HP: 4/30 [gnoll/+0 whip (4)]
  2556 | D:4      | 2556 ||| READING 3 scrolls of teleportation.
  2557 | D:4      | 2557 ||| DRINKING potion of heal wounds.
  2642 | D:4      | Noticed an orc warrior
  2644 | D:4      | 2644 ||| Stepping ~*~*~tactically~*~*~ (outnumbered).
  2654 | D:4      | HP: 1/31 [orc warrior/+0 flail (12)]
  2655 | D:4      | 2655 ||| READING 2 scrolls of teleportation.
  2656 | D:4      | Slain by an orc warrior

Levels and vault maps discovered:
D:1:      lemuel_arrival_cross, layout_loops_corners, serial_aquarium,
          aquarium_bridge_square [aquarium_subvault_bridge,
          aquarium_subvault_window, aquarium_subvault_bridge,
          aquarium_subvault_bridge], aquarium_window_3, aquarium_window_fake,
          aquarium_window_1, aquarium_window_1, aquarium_view_2b,
          aquarium_view_2f, aquarium_balcony_5a
D:2:      layout_rooms, basic_ecumenical_altar
D:3:      layout_loops_ring, nicolae_elyvilon_peaceful_grove,
          gammafunk_temple_overflow_elements
D:4:      layout_loops_corners, mainiacjoe_overflow_alcove_2,
          gammafunk_ghost_icy, guppyfry_early_orc_mine

Skill      XL: |  1  2  3  4 |
---------------+-------------+-----
Ranged Weapons | 3 5 |  5.0
Fighting       | 2 |  2.7
Dodging        | |  1.5
Spellcasting   | |  1.0
Hexes          | |  2.6

Action                     |  1- 3 |  4- 6 || total
---------------------------+-------+-------++-------
   Fire: Sling             |   128 |   180 ||   308
    Use: Scroll            |     2 |     6 ||     8
         Potion            |       |     2 ||     2
 Armour: Robe              |    24 |       ||    24
         Leather armour    |    51 |    70 ||   121
  Dodge: Dodged            |   124 |    87 ||   211

Table legend:
 A = Non-vault XP
 B = Vault XP
 C = Vault XP percentage of total XP
 D = Non-vault monster count
 E = Vault monster count
 F = Vault count percentage of total count
                 A         B        C        D         E       F
            +---------+---------+-------+---------+---------+-------
      Total |     238 |       6 |   2.5 |      71 |       2 |   2.7
            +---------+---------+-------+---------+---------+-------
        D:1 |      75 |       0 |   0.0 |      34 |       0 |   0.0
        D:2 |      53 |       0 |   0.0 |      23 |       0 |   0.0
        D:3 |      24 |       0 |   0.0 |       8 |       0 |   0.0
        D:4 |      86 |       6 |   6.5 |       6 |       2 |  25.0
            +---------+---------+-------+---------+---------+-------
